 Dungeon Crawl Stone Soup version 0.29.1-12-g30fa7ad0bf (webtiles) character file.

Game seed: 16095182438413555309

112 sankara the Trooper (level 4, -3/41 HPs)
             Began as a Minotaur Fighter on Jan 7, 2023.
             Slain by Pikel
             ... wielding a +2 whip of electrocution
              (8 damage)
             ... on level 4 of the Dungeon.
             The game lasted 00:06:26 (3114 turns).

sankara the Trooper (Minotaur Fighter)              Turns: 3114, Time: 00:06:27

Health: -3/41      AC:  9    Str: 21    XL:     4   Next: 63%
Magic:  3/3        EV:  9    Int:  5    God:
Gold:   202        SH:  4    Dex: 11    Spells: 3/3 levels left

rFire   . . .      SeeInvis .   a - +0 war axe
rCold   . . .      Faith    .   c - +0 buckler
rNeg    . . .      Spirit   .   b - +0 scale mail
rPois   .          Reflect  .   (helmet restricted)
rElec   .          Harm     .   p - +0 cloak
rCorr   .          Rampage  .   q - +0 pair of gloves
Will    .....                   (no boots)
Stlth   ..........              (no amulet)
HPRegen 0.13/turn               (no ring)
MPRegen 0.08/turn               (no ring)

@: no status effects
A: horns 2, retaliatory headbutt
a: no special abilities


You were on level 4 of the Dungeon.
You visited 1 branch of the dungeon, and saw 4 of its levels.

You collected 202 gold pieces.

Inventory:

Hand Weapons
 a - a +0 war axe (weapon)
 s - a +0 sling
Missiles
 v - 6 boomerangs (quivered)
Armour
 b - a +0 scale mail (worn)
 c - a +0 buckler (worn)
 p - a +0 cloak (worn)
 q - a +0 pair of gloves (worn)
 u - a +0 hat
Jewellery
 t - a ring of fire
Wands
 k - a wand of quicksilver (12)
Scrolls
 f - a scroll of torment
 g - 2 scrolls of identify
 i - a scroll of amnesia
 w - a scroll of teleportation {unknown}
Potions
 d - 3 potions of might
 e - a potion of magic
 h - 2 potions of mutation {unknown}
 j - 4 potions of curing {unknown}
 l - a potion of brilliance {unknown}
 m - a potion of experience {unknown}
 n - a potion of degeneration {unknown}
 o - 2 potions of invisibility {unknown}
 r - a potion of haste
 x - 3 potions of heal wounds {unknown}


   Skills:
 + Level 4.3 Fighting
 * Level 4.2 Axes
 + Level 4.3 Armour
 + Level 4.3 Shields


You had 3 spell levels left.
You didn't know any spells.
Your spell library contained the following spells:

 Spells                   Type           Power      Damage    Failure   Level
 Magic Dart               Conj           0%         1d3       88%         1
 Slow                     Hex            0%         N/A       88%         1
 Call Imp                 Summ           0%         N/A       95%         2
 Ensorcelled Hibernation  Hex/Ice        0%         N/A       95%         2
 Passwall                 Tmut/Erth      0%         N/A       95%         2
 Confusing Touch          Hex            0%         N/A       99%         3
 Mephitic Cloud           Conj/Pois/Air  0%         N/A       99%         3
 Swiftness                Air            0%         N/A       99%         3
 Vampiric Draining        Necr           0%         2d6       99%         3


Dungeon Overview and Level Annotations

Branches:
Dungeon (4/15)
 Temple: D:4-7

Altars:
Nemelex Xobeh
Xom
Zin

Annotations:
D:4 Pikel


Innate Abilities, Weirdness & Mutations

You have a pair of horns on your head.
You reflexively headbutt those who attack you in melee.


Message History

You barely miss the lemure.
The lemure is lightly wounded.
The lemure hits you but does no damage.
You slash the lemure! Your headbutt misses the lemure.
The lemure is heavily wounded.
You block the lemure's attack.
Pikel drinks a potion.
Pikel seems to speed up.
The lemure hits you. The lemure hits you but does no damage.
Pikel cracks his whip.
You barely miss the lemure.
The lemure is heavily wounded.
You barely miss the lemure. The lemure hits you. The lemure barely misses you.
You furiously retaliate!
You headbutt the lemure, but do no damage.
You closely miss the lemure. Your headbutt misses the lemure.
The lemure is heavily wounded.
You barely miss the lemure. The lemure barely misses you.
You closely miss Pikel. You hit the lemure but do no damage.
Pikel barely misses you. The lemure closely misses you.
Pikel barely misses you. The lemure hits you but does no damage.
You hit Pikel. You headbutt Pikel.
Pikel is moderately wounded.
You hit the lemure.
Pikel hits you with a +2 whip of electrocution!
The lemure hits you.
Pikel hits you with a +2 whip of electrocution.
You hit Pikel but do no damage. Your headbutt misses Pikel.
Pikel is moderately wounded.
You hit the lemure but do no damage.
Pikel hits you with a +2 whip of electrocution.
The lemure hits you but does no damage.
Pikel says, "I knew I should've brought a map."
Pikel hits you with a +2 whip of electrocution.
You are too injured to fight recklessly!
Pikel attacks as you move away!
Pikel hits you with a +2 whip of electrocution!
* * * LOW HITPOINT WARNING * * *
The lemure attacks as you move away! You block the lemure's attack.
A gnoll bouda comes into view. It is wielding a +0 whip.
Pikel hits you but does no damage.
You are electrocuted!
You die...

#.^. #.# #... #.#
#...##.# .<.....# .
#...# g###<.#####
#.#.......# #
#..#..###.##
#.#..#####.##@.†....#
....?.5555..K..♣♣♣♣.#
###..#.#####..♣♣ # #.
#..♣ .. ....♣ ##.
#.#..♣ #. ...#..♣
#..#. .... #. .. #...


You could see Pikel (fast) and 4 lemures.

Vanquished Creatures
  2 adders (D:3)
  3 worms
  2 dart slugs
  4 orcs (D:3)
  9 ball pythons
  9 endoplasms
  2 giant cockroaches
  7 goblins
  5 hobgoblins
  6 jackals
  A quokka (D:2)
  3 bats
  3 frilled lizards
  6 kobolds
  10 rats
72 creatures vanquished.

Vanquished Creatures (others)
  2 plants (D:1)
2 creatures vanquished.

Grand Total: 74 creatures vanquished

Notes
Turn   | Place    | Note
-------+----------+-------------------------------------------
     0 | D:1      | sankara the Minotaur Fighter began the quest for the Orb.
     0 | D:1      | Reached XP level 1. HP: 19/19 MP: 0/0
   183 | D:1      | Reached XP level 2. HP: 25/27 MP: 1/1
   260 | D:1      | Found a faded altar of an unknown god.
  1174 | D:2      | Reached XP level 3. HP: 28/33 MP: 2/2
  1901 | D:3      | Found a glowing silver altar of Zin.
  2022 | D:3      | Found a sparkling altar of Nemelex Xobeh.
  2132 | D:3      | Reached XP level 4. HP: 37/40 MP: 3/3
  2498 | D:3      | Found a shimmering altar of Xom.
  3097 | D:4      | Noticed a lemure
  3097 | D:4      | Noticed a lemure
  3098 | D:4      | Noticed Pikel
  3099 | D:4      | Noticed a lemure
  3099 | D:4      | Noticed a lemure
  3114 | D:4      | Slain by Pikel

Illustrated notes

Levels and vault maps discovered:
D:1:      dpeg_arrival_rooms_with_view, layout_basic,
          shapermc_ecumenical_altar_mp_ritualfount
D:2:      layout_basic
D:3:      layout_rooms, mainiacjoe_overflow_catwalk, old_standard_altar,
          amcnicky_altar_gilded, portal_sewer_entry_b, kennysheep_flooded_box,
          hex_medium, minmay_fountain_box, palyth_stone_intersect,
          minmay_pentangle
D:4:      layout_loops_ring, mainiacjoe_overflow_chevrons, elyvilon_altar_5,
          serial_shops, shop, nrook_campfire, minmay_between,
          uniq_crazy_yiuf_cottage, uniq_pikel

Skill      XL: |  1  2  3  4 |
---------------+-------------+-----
Axes           | 3 4 |  4.2
Shields        | 4 |  4.3
Fighting       | 4 |  4.3
Armour         | 4 |  4.3

Action                   |  1- 3 |  4- 6 || total
-------------------------+-------+-------++-------
Melee: War axe           |    87 |    43 ||   130
       Headbutt          |    13 |     6 ||    19
  Use: Scroll            |     3 |       ||     3
Armor: Scale mail        |    40 |    17 ||    57
Dodge: Dodged            |    47 |    17 ||    64
Block: Buckler           |    17 |     7 ||    24
